 Dungeon Crawl Stone Soup version 0.29-a0-330-g52719c12eb (webtiles) character file.

Game seed: 14534479221764022735

97 Gwenloh the Skirmisher (level 4, -1/37 HPs)
             Began as a Demonspawn Cinder Acolyte on May 4, 2022.
             Was a High Priest of Ignis.
             Slain by an iguana (10 damage)
             ... on level 2 of the Dungeon.
             The game lasted 00:05:05 (2142 turns).

Gwenloh the Skirmisher (Demonspawn Cinder Acolyte)  Turns: 2142, Time: 00:05:06

Health: -1/37      AC: 11    Str: 15    XL:     4   Next: 42%
Magic:  3/7        EV: 11    Int: 15    God:    Ignis [*****.]
Gold:   94         SH:  0    Dex: 10    Spells: 5/7 levels left

rFire   + . .      SeeInvis .   k - +2 mace (protect)
rCold   . . .      Faith    .   (no shield)
rNeg    . . .      Spirit   .   b - +0 robe
rPois   .          Reflect  .   (no helmet)
rElec   .          Harm     .   (no cloak)
rCorr   .          Rampage  .   (no gloves)
Will    .....                   (no boots)
Stlth   +.........              (no amulet)
HPRegen 0.12/turn               (no ring)
MPRegen 0.10/turn               (no ring)

@: fiery-armoured
A: thin metallic scales 1, powered by pain 1
a: Renounce Religion, Fiery Armour, Foxfire Swarm, Rising Flame


You were on level 2 of the Dungeon.
You worshipped Ignis.
Ignis was extremely pleased with you.
You visited 1 branch of the dungeon, and saw 3 of its levels.

You collected 94 gold pieces.

Inventory:

Hand Weapons
 a - a -1 mace of flaming
 k - a +2 mace of protection (weapon)
Armour
 b - a +0 robe (worn)
Scrolls
 c - a scroll of fear {unknown}
 d - a scroll of torment {unknown}
 f - 2 scrolls of immolation {unknown}
 g - 2 scrolls of teleportation {unknown}
 i - 2 scrolls of identify {unknown}
 o - a scroll of blinking {unknown}
 p - a scroll of brand weapon {unknown}
Potions
 e - 2 potions of heal wounds {unknown}
 h - 3 potions of flight {unknown}
 j - 2 potions of brilliance {unknown}
 l - a potion of haste {unknown}
 m - a potion of ambrosia {unknown}
 n - a potion of resistance {unknown}


   Skills:
 + Level 3.6 Fighting
 + Level 3.3 Maces & Flails
 + Level 2.1 Spellcasting
 + Level 3.3 Fire Magic


You had 5 spell levels left.
You knew the following spells:

 Your Spells              Type           Power      Damage    Failure   Level
a - Scorch                Fire           22%        2d6       9%          2

Your spell library contained the following spells:

 Spells                   Type           Power      Damage    Failure   Level


Dungeon Overview and Level Annotations

Branches:
Dungeon (3/15)

Altars:


Innate Abilities, Weirdness & Mutations

You are partially covered in thin metallic scales. (AC +2)
You sometimes gain a little power by taking damage.


Message History

You now have 94 gold pieces (gained 10).
Found a spear.
p - a scroll labelled BARABB FEPIV Done exploring.
You see here a +0 flail.
There is an escape hatch in the floor here.
There is a stone staircase leading down here.
You climb downwards.
The goblin shouts!
You hear an angry hiss.
Found a spear.
Found a stone staircase leading down.
There is a stone staircase leading up here.
The endoplasm quivers.
The iguana bites you.
The goblin unwields a +0 dagger.
The goblin wields a +0 hunting sling.
The goblin shoots a sling bullet.
The sling bullet hits you but does no damage.
You climb upwards.
There is a stone staircase leading down here.
Casting: Scorch (safe; 9% risk of failure)
Confirm with . or Enter, or press ? or * to list all spells.
Flames lash the iguana but do no damage.
The iguana bites you.
Casting: Scorch (safe; 9% risk of failure)
Confirm with . or Enter, or press ? or * to list all spells.
Flames lash the iguana.
The iguana is lightly wounded.
The iguana's fire resistance burns away.
The iguana bites you!
You focus on the pain.
You feel your power returning.
Casting: Scorch (safe; 9% risk of failure)
Confirm with . or Enter, or press ? or * to list all spells.
Flames lash the iguana but do no damage.
The iguana barely misses you.
Casting: Scorch (safe; 9% risk of failure)
Confirm with . or Enter, or press ? or * to list all spells.
Flames lash the iguana.
The iguana is burned terribly!
The iguana is moderately wounded.
The iguana bites you!
* * * LOW HITPOINT WARNING * * *
A protective cloak of flame settles atop you.
The iguana bites you!
You die...

##..##..###..## #.....#
##....#..###..# #.....#
............#.####.....#
######..........[......#
##....(..####.....# #
#####.....).........#
####......>............#
....)###..<......l.....#
.....# #........@.######
.....# #..........#
.....# ############
.....# .....# .....#
.....# .....# .....#


You could see an iguana (combustible).

Vanquished Creatures
  Terence (D:2)
  An orc wizard (D:2)
  2 worms (D:2)
  2 orcs (D:2)
  2 ball pythons (D:1)
  3 bats (D:1)
  3 endoplasms
  2 giant cockroaches
  3 goblins (D:1)
  3 hobgoblins
  3 quokkas
  5 frilled lizards
  2 kobolds
  5 rats
37 creatures vanquished.

Notes
Turn   | Place    | Note
-------+----------+-------------------------------------------
     0 | D:1      | Gwenloh the Demonspawn Cinder Acolyte began the quest for
                  | the Orb.
     0 | D:1      | Reached XP level 1. HP: 18/18 MP: 2/2
   388 | D:1      | Gained mutation: You are partially covered in thin metallic
                  | scales. (AC +2) [demonic ancestry]
   388 | D:1      | Reached XP level 2. HP: 23/24 MP: 3/3
   469 | D:1      | Learned a level 2 spell: Scorch
   507 | D:1      | Found a faded altar of an unknown god.
  1124 | D:2      | Reached XP level 3. HP: 13/29 MP: 0/5
  1821 | D:2      | Gained mutation: You sometimes gain a little power by
                  | taking damage. [demonic ancestry]
  1821 | D:2      | Reached XP level 4. HP: 20/35 MP: 2/6
  1985 | D:2      | Noticed Terence
  1995 | D:2      | Killed Terence
  2142 | D:2      | Slain by an iguana

Illustrated notes

Levels and vault maps discovered:
D:1:      heliophobic_arrival_enchanted_forest, layout_basic,
          hellmonk_ecumenical_altar_leap_of_faith,
          chequers_serial_rivers_large_a, minmay_ruptured
D:2:      layout_rooms, uniq_terence
D:3:      layout_basic, mainiacjoe_overflow_concentric_impassable,
          mainiacjoe_overflow_six_doors_small, chequers_serial_rivers_micro_b,
          uniq_crazy_yiuf_cottage

Skill      XL: |  1  2  3  4 |
---------------+-------------+-----
Maces & Flails | 3 |  3.3
Fire Magic     | 3 |  3.3
Spellcasting   | 2 |  2.1
Fighting       | |  3.6

Action                   |  1- 3 |  4- 6 || total
-------------------------+-------+-------++-------
Melee: Mace              |    88 |     2 ||    90
       Punch             |     1 |       ||     1
 Cast: Scorch            |    22 |     8 ||    30
Invok: Fiery Armour      |       |     1 ||     1
Armor: Robe              |    26 |     2 ||    28
Dodge: Dodged            |    67 |     2 ||    69

Table legend: (Time is in decaauts)
 A = Elapsed time spent in this place.
 B = Non-inter-level travel time spent in this place.
 C = Inter-level travel time spent in this place.
 D = Time resting spent in this place.
 E = Time spent auto-exploring this place.
 F = Levels seen in this place.
 G = Mean time per level.
                   A        B        C        D        E       F      G
               +--------+--------+--------+--------+--------+-----+--------+
         Total |   2176 |   2122 |     54 |    100 |   1720 |   3 |  725.3 |
       Dungeon |   2176 |   2122 |     54 |    100 |   1720 |   3 |  725.3 |
               +--------+--------+--------+--------+--------+-----+--------+

Top non-repeatable levels by time:
     D:1: 1259 daAuts
     D:2: 915 daAuts
     D:3: 1 daAuts
